 Dungeon Crawl Stone Soup version 0.28-a0-1033-g1a2f33fa85 (webtiles) character file.

Game seed: 11480571176731751547

35 ytrimaz the Ruffian (level 3, 28/28 HPs)
             Began as a Demigod Transmuter on Dec 7, 2021.
             Quit the game on level 2 of the Dungeon.
             The game lasted 00:01:29 (1462 turns).

ytrimaz the Ruffian (Demigod Transmuter)            Turns: 1462, Time: 00:01:30

Health: 28/28      AC:  2    Str: 15    XL:     3   Next: 4%
Magic:  9/9        EV: 12    Int: 15    God:
Gold:   46         SH:  0    Dex: 14    Spells: 5/6 levels left

rFire   . . .      SeeInvis .     - Unarmed
rCold   . . .      Faith    .   (no shield)
rNeg    . . .      Spirit   .   a - +0 robe
rPois   .          Reflect  .   (no helmet)
rElec   .          Harm     .   (no cloak)
rCorr   .          Rampage  .   (no gloves)
Will    .....                   (no boots)
Stlth   +.........              (no amulet)
HPRegen 0.09/turn               (no ring)
MPRegen 0.11/turn               (no ring)

@: no status effects
A: high mp 1, forlorn, divine attributes
a: no special abilities


You were on level 2 of the Dungeon.
You visited 1 branch of the dungeon, and saw 2 of its levels.

You collected 46 gold pieces.

Inventory:

Armour
 a - a +0 robe (worn)
Scrolls
 b - a scroll of holy word {unknown}


   Skills:
 * Level 1.2 Fighting
 - Level 1.7 Dodging
 + Level 3.1 Unarmed Combat
 * Level 2.3 Spellcasting
 * Level 2.1 Transmutations


You had 5 spell levels left.
You knew the following spells:

 Your Spells              Type           Power      Damage    Failure   Level
a - Beastly Appendage     Tmut           16%        N/A       9%          1

Your spell library contained the following spells:

 Spells                   Type           Power      Damage    Failure   Level
 Wereblood                Tmut           8%         N/A       14%         2
 Corpse Rot               Necr/Air       2%         N/A       32%         2
 Poisonous Vapours        Pois/Air       2%         N/A       32%         2
 Spider Form              Tmut/Pois      4%         N/A       38%         3
 Ice Form                 Ice/Tmut       4%         N/A       80%         4


Dungeon Overview and Level Annotations

Branches:
Dungeon (2/15)


Innate Abilities, Weirdness & Mutations

You have an increased reservoir of magic. (+10% MP)
You shall have no god before yourself.
Your divine heritage dramatically boosts your attributes as you level up.


Message History

You kill the ball python!
A jackal comes into view.
Unknown command.
A jackal comes into view.
The jackal barks!
The jackal barks!
You barely miss the jackal. The jackal barely misses you. x2
You closely miss the jackal. The jackal closely misses you.
You miscast Beastly Appendage.
You are very lightly contaminated with residual magic.
Nothing appears to happen.
The jackal bites you but does no damage.
You hit the jackal.
The jackal is severely wounded.
The jackal bites you. x2
You hit the jackal.
You kill the jackal!
You have reached level 3!
Your experience leads to a dramatic increase in your attributes!
Increase (S)trength, (I)ntelligence, or (D)exterity?
You feel stronger. x4
You hit the jackal but do no damage. The jackal bites you.
You hit the jackal.
You kill the jackal!
Things that are here:
a jackal corpse; a jackal corpse Your magical contamination has completely faded away.
You see here a +0 club.
Found 21 bolts.
Done exploring.
Done exploring.
There is a stone staircase leading down here.
You climb downwards.
Found 14 gold pieces.
There is a stone staircase leading up here.
Unknown command.
You now have 46 gold pieces (gained 4).
A giant cockroach comes into view.
A giant cockroach is nearby!
Are you sure you want to abandon this character and quit the game? (Confirm with "yes".)

#.........
#.........
#.........
#.........
#.........
#.........
#....$...B
#.@.......
#.........
#<........
##########


You could see a giant cockroach (asleep).

Vanquished Creatures
  A gnoll (D:1)
  A dart slug (D:1)
  A giant cockroach (D:1)
  3 goblins (D:1)
  A hobgoblin (D:1)
  3 jackals (D:1)
  3 ball pythons (D:1)
  3 bats (D:1)
  A frilled lizard (D:1)
  5 kobolds (D:1)
  2 rats (D:1)
24 creatures vanquished.

Notes
Turn   | Place    | Note
-------+----------+-------------------------------------------
     0 | D:1      | ytrimaz the Demigod Transmuter began the quest for the Orb.
     0 | D:1      | Reached XP level 1. HP: 15/15 MP: 5/5
    28 | D:1      | Reached skill level 1 in Fighting
   585 | D:1      | Reached XP level 2. HP: 7/23 MP: 5/7
   935 | D:1      | Reached skill level 3 in Unarmed Combat
  1332 | D:1      | Reached XP level 3. HP: 24/28 MP: 7/9
  1462 | D:2      | Quit the game

Illustrated notes

Levels and vault maps discovered:
D:1:      beargit_arrival_greenhouse, layout_loops_cross,
          ebering_ecumenical_altar_rust, minmay_cut_off
D:2:      layout_rooms, serial_shops, nicolae_shop_trees, hangedman_glass_teeth,
          minmay_misc_feat_five, nicolae_concentric_dashed_squares_wild,
          roderic_roman_lattice, nrook_mini_vaults, uniq_crazy_yiuf_cottage

Skill      XL: |  1  2 |
---------------+-------+-----
Fighting       | 1 |  1.2
Spellcasting   | 2 |  2.3
Unarmed Combat | 3 |  3.1
Transmutations | 2 |  2.1
Dodging        | |  1.7

Action                   || total
-------------------------++-------
Melee: Unarmed           ||    61
       Kick              ||    10
       Headbutt          ||     7
       Punch             ||     1
 Cast: Beastly Appendage ||    15
 Stab: Sleeping          ||     3
Armor: Robe              ||    10
Dodge: Dodged            ||    33

Table legend: (Time is in decaauts)
 A = Elapsed time spent in this place.
 B = Non-inter-level travel time spent in this place.
 C = Inter-level travel time spent in this place.
 D = Time resting spent in this place.
 E = Time spent auto-exploring this place.
 F = Levels seen in this place.
 G = Mean time per level.
                   A        B        C        D        E       F      G
               +--------+--------+--------+--------+--------+-----+--------+
         Total |   1458 |   1416 |     42 |      0 |   1232 |   2 |  729.0 |
       Dungeon |   1458 |   1416 |     42 |      0 |   1232 |   2 |  729.0 |
               +--------+--------+--------+--------+--------+-----+--------+

Top non-repeatable levels by time:
     D:1: 1455 daAuts
     D:2: 3 daAuts
